Cogmind - Beta 17.1 @@@ ROGUE MODE // 2026.09.20 @ 04:12:54 Player: WayneKnight Result: Destroyed by LU-ZZK(R) with Subdweller Laser Performance ------------- Evolutions (0) 0 Regions Visited (3) 600 Robots Destroyed (38) 190 Value Destroyed (934) 934 Prototype IDs (16) 320 Alien Tech Used (0) 0 Bonus (-44) -44 TOTAL SCORE: 2000 Bonus ------- Follower Combat Kills 40 Friendly Fire -84 Cogmind --------- Core Integrity 0/250 Matter 210/300 Energy 100/100 System Corruption 1% Temperature Hot (231) Movement Treading (160) Location -10/Subcaves Parts ------- > --- POWER (1) -------- (None) > --- PROPULSION (2) --- Light Treads Light Treads > --- UTILITY (2) ------ Large Storage Unit > --- WEAPON (2) ------- Battle Rifle > --- INVENTORY (15) --- Light Treads Light Treads Light Treads Medium Storage Unit Subdweller Optics Experimental Sensor Array Weapon Shielding Makeshift Light Armor Plating Assault Rifle Subdweller Machine Gun Subdweller Machine Gun Mini Grenade Launcher Makeshift Sword Peak State ------------ > --- POWER ------------ Light Angular Momentum Engine > --- PROPULSION ------- Light Treads Armored Treads > --- UTILITY ---------- Large Storage Unit Advanced Visual Processing Unit > --- WEAPON ----------- Powered Cannon > --- INVENTORY -------- Light Treads Light Treads Light Treads Light Treads Medium Storage Unit Subdweller Optics Experimental Sensor Array Weapon Shielding Makeshift Light Armor Plating Assault Rifle Improved Light Cannon Mini Grenade Launcher Makeshift Sword [Rating: 30] Favorites ----------- Power Ion Engine Engine Ion Engine Propulsion Light Treads Treads Light Treads Leg Aluminum Leg Utility Advanced Visual Processing Unit Storage Large Storage Unit Processor Advanced Visual Processing Unit Weapon Assault Rifle Energy Gun Medium Laser Energy Cannon Powered Cannon Ballistic Gun Assault Rifle Ballistic Cannon Improved Light Cannon Launcher Mini Grenade Launcher Slashing Weapon Makeshift Sword Build | -11 -10 -10 -10 ------- Run | Yrd Mat Min Sub Slots Evolved . | . . . . Power . | . . . . Propulsion . | . . . . Utility . | . . . . Weapon . | . . . . Parts Attached 25 | 3 6 7 9 Power 3 | . 1 1 1 Engine 3 | . 1 1 1 Core . | . . . . Reactor . | . . . . Propulsion 5 | 2 . 2 1 Treads 5 | 2 . 2 1 Leg . | . . . . Wheel . | . . . . Hover . | . . . . Flight . | . . . . Utility 4 | . 2 2 . Device . | . . . . Storage 2 | . 1 1 . Processor 2 | . 1 1 . Hackware . | . . . . Protection . | . . . . Artifact . | . . . . Weapon 13 | 1 3 2 7 Energy Gun 1 | . 1 . . Energy Cannon 1 | . . . 1 Ballistic Gun 7 | 1 1 1 4 Ballistic Cannon 2 | . 1 . 1 Launcher 1 | . . 1 . Special Weapon . | . . . . Impact Weapon . | . . . . Slashing Weapon 1 | . . . 1 Piercing Weapon . | . . . . Special Melee Weapon . | . . . . Unidentified Prototypes . | . . . . Parts Lost 6 | . . . 6 Power 2 | . . . 2 Propulsion 1 | . . . 1 Utility 1 | . . . 1 Weapon 2 | . . . 2 Highest Loss Streak 2 | . . . 2 To Critical Strikes 1 | . . . 1 Average Backups 11 | 6 7 11 14 Power . | 1 1 1 . Propulsion 3 | 4 3 2 3 Utility 3 | . . 3 5 Weapon 3 | 1 2 4 4 Tool/Special . | . . . . Unused Backups 18 | . 7 3 8 Power 1 | . . 1 . Propulsion 3 | . 2 . 1 Utility 11 | . 4 . 7 Weapon 3 | . 1 2 . Tool/Special . | . . . . Average Slot Usage (%) 95 | . 94 99 94 Engine 12 | . 14 14 12 Treads 27 | . 28 28 27 Storage 13 | . 14 14 13 Processor 12 | . 9 14 13 Energy Gun 1 | . 6 . . Ballistic Gun 16 | . 14 27 14 Ballistic Cannon 6 | . 6 . 8 Peak Build Rating 30 | 6 10 14 30 Average Rating 14 | 6 7 11 19 On Entrance 9 | 6 6 10 14 Avg Prop Armor Cover (%) . | . . . . Naked Turns . | . . . . Heaviest Build 38 | 11 21 31 38 Greatest Support 40 | 40 40 40 40 Greatest Overweight (x) 1 | . . . 1 Average Overweight (x) . | . . . . Largest Inventory Capacity 15 | 8 10 15 15 Average Capacity 12 | 8 8 11 15 Most Carried 15 | 6 10 14 15 Average Carried 11 | 6 7 11 14 Final Capacity 15 | 8 10 15 15 Final Carried 14 | 6 10 14 13 Class Distribution -------------------- 94% | Mutant 5% | Scavenger-Mutant Dominant Class ---------------- Mutant | -10/Materials Mutant | -10/Mines Mutant | -10/Subcaves Resources | -11 -10 -10 -10 ----------- Run | Yrd Mat Min Sub Matter Collected 1241 | 200 336 209 496 Remotely . | . . . . Salvage Created 1065 | . 512 105 448 Parts 71 | . 42 11 18 Haulers Intercepted 1 | . 1 . . Recyclers Shooed . | . . . . Parts Field Recycled . | . . . . Retrieved Matter . | . . . . Parts Self-Destructed 15 | . . . 15 Prevented . | . . . . Parts Restored . | . . . . Kills | -11 -10 -10 -10 ------- Run | Yrd Mat Min Sub Combat Hostiles Destroyed 32 | . 14 5 13 Guns 21 | . 11 . 10 Cannons 6 | . 3 . 3 AOE 5 | . . 5 . Classes Destroyed 9 | . 5 1 3 Worker 1 | . 1 . . Hauler 1 | . 1 . . Recycler 1 | . . 1 . Watcher 3 | . 3 . . Swarmer 13 | . 6 5 2 Grunt 9 | . 8 . 1 Sentry 1 | . . . 1 Artisan 1 | . . . 1 Subdweller 9 | . . . 9 Best Kill Streak 3 | . 3 3 3 Combat Bots Only 3 | . 3 3 3 Max Kills in Single Turn 3 | . 1 3 1 Gunslinging . | . . . . Exploded 3 | . . 3 . Melee . | . . . . Uniques/NPCs Destroyed . | . . . . Combat | -11 -10 -10 -10 -------- Run | Yrd Mat Min Sub Hostile Shots Fired 169 | . 51 6 112 Missed 59 | . 16 5 38 Hits 110 | . 35 1 74 Projectile 110 | . 35 1 74 Critical Strikes 4 | . . . 4 Damage Taken 1663 | . 380 19 1264 Core 269 | . 104 . 165 Absorbed by Shields . | . . . . Regen/Repaired (Parts) 41 | . 41 . . Core Remaining (%) 100 | 100 . . . Volleys Fired 128 | . 67 4 57 Largest 2 | . 2 2 2 Hottest 70 | . 70 40 67 Shots Fired 255 | . 134 6 115 Gun 195 | . 108 4 83 Cannon 58 | . 26 . 32 Launcher 2 | . . 2 . Special . | . . . . Kinetic 221 | . 102 4 115 Thermal 32 | . 32 . . Explosive 2 | . . 2 . Electromagnetic . | . . . . Robot Hit Streak 12 | . 12 6 12 Robot Miss Streak 5 | . 5 . 3 Penetration Max . | . . . . Secondary Targets . | . . . . Shots Hit Robots 152 | . 67 4 81 Core Hits 57 | . 26 7 24 Critical Kills . | . . . . Critical Parts Destroyed 1 | . 1 . . Critical Strikes 4 | . 2 . 2 Burn 1 | . 1 . . Destroy 2 | . 1 . 1 Blast 1 | . . . 1 Melee Attacks 20 | . . . 20 Impact . | . . . . Slashing 20 | . . . 20 Piercing . | . . . . Sneak Attacks . | . . . . Combat Hostiles . | . . . . Follow-up Attacks . | . . . . Damage Inflicted 2860 | . 982 377 1501 Guns 1815 | . 723 35 1057 Cannons 703 | . 259 . 444 Explosions 342 | . . 342 . Melee . | . . . . Ramming . | . . . . Kinetic 2270 | . 734 35 1501 Thermal 248 | . 248 . . Explosive 342 | . . 342 . Electromagnetic . | . . . . Impact . | . . . . Slashing . | . . . . Piercing . | . . . . Highest Corruption 1 | . 1 1 1 Average Corruption 1 | . 1 1 1 Corruption Purged . | . . . . Corruption Blocked . | . . . . Effects 29 | . 1 4 24 Message Errors 10 | . . 3 7 Matter Fused 7 | . 1 . 6 Heat Flow Errors 1 | . . . 1 Energy Discharges 4 | . . 1 3 Data Loss (minor) 5 | . . . 5 Misfires 2 | . . . 2 Overload Shots . | . . . . Overflow Damage 3 | . 3 . . Projectiles 3 | . 3 . . Explosions . | . . . . Melee . | . . . . Knockbacks 16 | . 6 . 10 Impact . | . . . . Kinetic 15 | . 5 . 10 Secondary 1 | . 1 . . Self-Inflicted Damage . | . . . . Shots . | . . . . Rammed . | . . . . Targets Rammed . | . . . . Kicked . | . . . . Crushed . | . . . . Highest Temperature 295 | . 69 . 295 Average Temperature 41 | . 19 . 153 Received Heat Transfer 999 | . 126 . 873 Siege Activations . | . . . . Martial Activations . | . . . . Shielding Activations . | . . . . Robots Disrupted . | . . . . Combat Hostiles . | . . . . Robots Corrupted . | . . . . Combat Hostiles . | . . . . Parts Fried . | . . . . Impact Corruptions . | . . . . Robots Melted . | . . . . Combat Hostiles . | . . . . Parts Melted 1 | . 1 . . Heat Transferred 814 | . 814 . . Parts Sabotaged . | . . . . Parts Stolen . | . . . . Parts Stripped . | . . . . Power Chain Reactions . | . . . . Alert | -11 -10 -10 -10 ------- Run | Yrd Mat Min Sub Maximum Alert Level . | . . . . Low Security (%) 100 | 100 100 100 . Level 1 . | . . . . Level 2 . | . . . . Level 3 . | . . . . Level 4 . | . . . . Level 5 . | . . . . High Security . | . . . . Max Security . | . . . . Peak Influence 176 | . 176 149 . Initial 65 | . . 65 . Average 44 | . 52 37 . Influence Increases 914 | . 501 198 215 Destroy 0b10 Robot/C 500 | . 280 140 80 Destroy 0b10 Robot/NC 30 | . 25 5 . Destroy Leader 98 | . 78 20 . Allied During Kill 10 | . . 10 . Successful Hack 23 | . 23 . . Select Force Hacks 60 | . 60 . . Disable Machine 15 | . 15 . . Destroy Structure 28 | . 5 23 . Lose Combat Pursuer 150 | . 15 . 135 Influence Decreases 778 | . 332 367 79 Entered New Map 104 | . . 104 . Time Decay 644 | . 332 263 49 Lost Part 30 | . . . 30 Squads Dispatched 4 | . 4 . . Investigation 2 | . 2 . . Extermination . | . . . . Reinforcement 2 | . 2 . . Assault . | . . . . Garrison . | . . . . Intercept . | . . . . Searches Triggered . | . . . . Construction Impeded . | . . . . Haulers Reinforced . | . . . . Active Scanning Responses . | . . . . Cargo Convoy Interrupts . | . . . . Stealth | -11 -10 -10 -10 --------- Run | Yrd Mat Min Sub Distress Signals . | . . . . Communications Jammed . | . . . . Distress Signals . | . . . . Times Spotted 49 | . 24 6 19 Peak Tracking Total 3 | . 3 3 3 Tactical Retreats 5 | . 1 . 4 Traps | -11 -10 -10 -10 ------- Run | Yrd Mat Min Sub Traps Triggered 2 | . 1 . 1 Indirectly . | . . . . Trap Hack Attempts . | . . . . Triggered . | . . . . Disarmed . | . . . . Reprogrammed . | . . . . Reused . | . . . . Traps Extracted . | . . . . Installed . | . . . . Triggered . | . . . . Machines | -11 -10 -10 -10 ---------- Run | Yrd Mat Min Sub Machines Disabled 4 | . 1 . 3 Max in Single Turn 2 | . 1 . 2 Machines Repaired . | . . . . Machines Dismantled . | . . . . Machines Sabotaged . | . . . . Overloaded Fab Kills . | . . . . Hacking | -11 -10 -10 -10 --------- Run | Yrd Mat Min Sub Machines Accessed 9 | . 7 1 1 Terminals 4 | . 4 . . Fabricators . | . . . . Repair Stations 1 | . 1 . . Recycling Units 2 | . 2 . . Scanalyzers . | . . . . Garrison Access . | . . . . Total Hacks 25 | . 15 1 9 Successful 21 | . 11 1 9 Failed 4 | . 4 . . Catastrophic . | . . . . Database Lockouts . | . . . . Manual 7 | . 6 . 1 Terminals 10 | . 10 . . Fabricators . | . . . . Repair Stations 2 | . 2 . . Recycling Units 3 | . 3 . . Scanalyzers . | . . . . Garrison Access . | . . . . Terminal Hacks 14 | . 4 1 9 Record 8 | . . . 8 Prototype ID Bank 1 | . 1 . . Open Door 1 | . . 1 . Branch Access Points 1 | . 1 . . Locate Traps 1 | . 1 . . Hauler Manifests 1 | . 1 . . Proto ID Catalog 1 | . . . 1 Fabricator Hacks . | . . . . Repair Station Hacks 2 | . 2 . . Scan Component 1 | . 1 . . Repair 1 | . 1 . . Recycling Unit Hacks 1 | . 1 . . Report Inventory 1 | . 1 . . Scanalyzer . | . . . . Garrison Access Hacks . | . . . . Unauthorized Hacks 4 | . 4 . . Terminals 2 | . 2 . . Botnet 2 | . 2 . . Fabricators . | . . . . Repair Stations . | . . . . Recycling Units 2 | . 2 . . Tunnel 2 | . 2 . . Scanalyzers . | . . . . Garrison Access . | . . . . Data Cores Recovered . | . . . . Used . | . . . . Hacking Detections 5 | . 5 . . Full Trace Events . | . . . . Feedback Events . | . . . . Feedback Blocked . | . . . . Robot Schematics Acquired . | . . . . Robots Built . | . . . . Authchips . | . . . . Time . | . . . . Total Robot Build Rating . | . . . . Part Schematics Acquired . | . . . . Parts Built . | . . . . Authchips . | . . . . Time . | . . . . Total Part Build Rating . | . . . . Part Studies Acquired . | . . . . Parts Repaired 1 | . 1 . . Time 26 | . 26 . . Parts Recycled . | . . . . Recycled Matter . | . . . . Retrieved Matter . | . . . . Retrieved Components . | . . . . Parts Scanalyzed . | . . . . Part Schematics Acquired . | . . . . Parts Damaged . | . . . . Bothacking | -11 -10 -10 -10 ------------ Run | Yrd Mat Min Sub Used RIF Installer . | . . . . Robots Hacked . | . . . . Non-combat . | . . . . Combat . | . . . . Robot Hacks Applied . | . . . . Relay Couplers Released . | . . . . Fabnet Peak Effective % . | . . . . Robots Rewired . | . . . . Allies Hacked . | . . . . Hacks Repelled . | . . . . Allies | -11 -10 -10 -10 -------- Run | Yrd Mat Min Sub Total Allies 2 | . . 2 . Largest Group 2 | . . 2 2 Highest-Rated Group 45 | . . 45 45 Highest-Rated Ally 31 | . . 31 31 Total Orders . | . . . . Ally Attacks 6 | . . 2 4 Total Damage 107 | . . 44 63 Kills 2 | . . 2 . Allies Corrupted . | . . . . Allies Melted . | . . . . Intel | -11 -10 -10 -10 ------- Run | Yrd Mat Min Sub Active Infowar (turns) 5060 | . 1046 961 3053 Optics 5060 | . 1046 961 3053 Robot Analysis Total . | . . . . Derelict Logs Recovered 4 | . . 1 3 Drone Launches . | . . . . Drone Recoveries . | . . . . Exploration | -11 -10 -10 -10 ------------- Run | Yrd Mat Min Sub Turns Passed 5731 | 123 1592 961 3055 Spaces Moved 2771 | 99 545 552 1575 Core . | . . . . Treads 2674 | 2 545 552 1575 Legs 97 | 97 . . . Wheels . | . . . . Hover . | . . . . Flight . | . . . . Fastest Speed 120 | 120 160 160 160 Average Speed 162 | 120 160 162 166 Slowest Speed 240 | 160 160 165 240 Overloaded Moves . | . . . . Propulsion Burnouts . | . . . . Robots Hopped . | . . . . Potential Cave-ins . | . . . . Cave-ins Triggered . | . . . . Exploration Rate (%) 64 | 6 82 94 76 Regions Visited 3 Branch Regions 2 Pre-discovered Areas 3 | . 2 . 1 Known Exits Taken 1 | . 1 . . Unknown Exits Taken 2 | 1 . 1 . Scrap Searched 2 | . . 1 1 Spaces Dug 2 | . . . 2 Terrain Destroyed 29 | . 2 24 3 Melee 2 | . . . 2 Projectile 3 | . 2 . 1 AOE 24 | . . 24 . Terrain Rammed . | . . . . Walls Destroyed . | . . . . Machines Disabled . | . . . . Actions | -11 -10 -10 -10 --------- Run | Yrd Mat Min Sub Total 3727 | 101 1135 611 1880 Wait 716 | . 498 30 188 Move 2768 | 98 544 551 1575 Hop . | . . . . Pick Up 27 | . 11 8 8 Fast Attach 7 | . 3 1 3 Attach 5 | . . . 5 Detach 3 | . . 1 2 Swap 28 | 3 3 9 13 Drop 25 | . 9 7 9 Fire 128 | . 67 4 57 Melee 20 | . . . 20 Ram . | . . . . Kick . | . . . . Crush . | . . . . Escape Stasis . | . . . . Rewire . | . . . . Trap . | . . . . Miscellaneous . | . . . . Route ------- -11/Scrapyard -10/Materials (discovered 3 exits: [*Mat x2] / *Min) -10/Mines (discovered 3 exits: [*Mat x2] / *Sub) -10/Subcaves (discovered 3 exits: [*Mat x2] / [*Rec]) History --------- Turn | Location | Event 1 | -11/Scrapyard | Discovered new exit (range 1) 124 | -11/Scrapyard | Entered Materials 302 | -10/Materials | Build established: Mutant 1174 | -10/Materials | Discovered new exit (range 18) 1427 | -10/Materials | Identified exit to Mines 1531 | -10/Materials | Discovered new exit (range 17) 1655 | -10/Materials | Repaired Assault Rifle 1716 | -10/Materials | Entered Mines 1792 | -10/Mines | Discovered new exit (range 8) 1821 | -10/Mines | Learned Materials trap positions 1939 | -10/Mines | Discovered new exit (range 11) 2167 | -10/Mines | Met a Derelict who couldn't figure out how to use a Trap Extractor 2260 | -10/Mines | Found a damaged Exp. Sensor Array with a note attached 2264 | -10/Mines | Found Prototype Device 2313 | -10/Mines | Joined a pair of Derelicts in attacking an 0b10 outpost 2658 | -10/Mines | Discovered new exit (range 6) 2677 | -10/Mines | Entered Subcaves 2677 | -10/Subcaves | Accompanied by 2 allies 2682 | -10/Subcaves | Led the pair of lost Derelicts to an unsafe place 2697 | -10/Subcaves | A Subdweller sparked back to life 2892 | -10/Subcaves | Learned location of Zion (-7) 2983 | -10/Subcaves | Learned Materials stockpile data 3323 | -10/Subcaves | Shifting Twisted Machinery released Mak. Light Armor Plating 3325 | -10/Subcaves | Shifting Twisted Machinery released Mak. Sword 3377 | -10/Subcaves | Discovered new exit (range 20) 3486 | -10/Subcaves | Core integrity fell below 50% 3513 | -10/Subcaves | Discovered new exit (range 5) 3989 | -10/Subcaves | Build established: Scavenger-Mutant 4319 | -10/Subcaves | Build established: Mutant 4376 | -10/Subcaves | Visited 4L-MR0's lab 4440 | -10/Subcaves | Found Powered Cannon 4454 | -10/Subcaves | Attached Powered Cannon, gained temporary slot: Power 4615 | -10/Subcaves | Shifting Twisted Machinery released Mak. Light Armor Plating 4619 | -10/Subcaves | Shifting Twisted Machinery released Piercing Trap 5090 | -10/Subcaves | Learned Materials garrison access intel 5585 | -10/Subcaves | Discovered new exit (range 8) 5586 | -10/Subcaves | Core integrity fell below 20% 5732 | -10/Subcaves | Destroyed by LU-ZZK(R) with Subdweller Laser Last Messages --------------- 05384_ 99-I4J(R) destroyed. 05451_ Acquired 7 matter. 05534_ Acquired 24 matter. 05561_ Destroyed Lgt. Ion Engine. 05563_ S-10 Pest destroyed. 05571_ Flight Unit fries itself beyond repair. 05571_ Acquired 15 matter. 05575_ S-10 Pest destroyed. 05580_ Flight Unit fries itself beyond repair. 05583_ Acquired 19 matter. 05585_ Acquired 41 matter. 05585_ EXIT=FOUND 05587_ Machine disabled. 05591_ Arm. Treads destroyed. 05604_ Subatomizers dissect the Mak. Leg. 05632_ Subatomizers dissect the Mak. Leg, destroying it. 05728_ Critical hit (Meltdown: +300). 05730_ Adv. Visual Processing Unit destroyed. 05730_ Battle Rifle destroyed. Map ----- +----------------------------------------------------+ | ?????????????????????????????????????????????????? | | ?????????????????????????????????????????????????? | | ?????????????????????????????????????????????????? | | ?????????????????????????????????????????????????? | | ?????????????????????????????????????????????????? | | ?????????????????????????????????????????????????? | | ?????????????????????????????????????????????????? | | ?????????????????????????????????????????????????? | | ?????????????????????????????????????????????????? | | ????????????????##???????????????????????????????? | | ??????????????? ???????????????????????????????? | | ???????????????? ??????????????????????????????? | | ????????????????# ??????????????????????????????? | | ????????????????# ??????????????????????????????? | | ????????????????? ?????????????????????????????? | | ????????????????## ?????????????????????????????? | | ????????????????# #????????????????????????????? | | ????????????????# #???????????????????????????? | | ????????????????# ##?????????????????????????? | | ????????????????# #?????????#???????????????? | | ?????????????????? #??????" #???????????????? | | ??????????????????? ##?????"" #???????????????? | | ????????????????????# ###??? " #???????????????? | | ?????????????????????# #?## " #???????????????? | | ??????????????##?????# ### ""#???????????????? | | ?????????????## ##??## @##" "#????????????????? | | ?????????????# #### R """"#????????????????? | | ??????????#### "R"""""##???????????????? | | ?????????## """" """"""" #???????????????? | | ?????????# """ #???????????????? | | ????????## #### #???????????????? | | ????????# #??## ##???????????????? | | ????????## ##???# ##???????????????? | | ?????????# #????## #???????????????? | | ?????????###### #?????# ##??????????????? | | ?????????######### ##?##### #??????????????? | | ?????????#" " "?## ##### ##?????????????? | | ?????????#" ??##### #?????????????? | | ?????????#" %###### ### #?????????????? | | ????????##"" ! ### #??# #?????????????? | | ????????#< %=! #?# #??## ##?????????????? | | ?????????#"" #?# #### #??????????????? | | ?????????#" %# ### ## ##?????????????? | | ??####???#" # ## #?????????????? | | ### #####" " ?# ## #?????????????? | | ######### ### #?????????????? | | ## ## #? #?????????????? | | ##### ##### # ##?????????????? | | #???# ! ##???##########??????????????? | | ###???# #????????????????????????????? | +----------------------------------------------------+ Best States ------------- Heat Dissipation 25 Energy Generation 18 Energy Capacity 265 Matter Stores 300 Matter Capacity 300 Sight Range 20 Terrain Scan Density 10 Evasion (%) 55 Recoil Reduction 2 Item Schematics ----------------- None Robot Schematics ------------------ None Fabricated ------------ Nothing Repaired ---------- Assault Rifle | 59% | -10/Materials Studied --------- None Alien Tech Used ----------------- None Achievements -------------- Art Critic Bumper Bots DATA ERROR: Steam Global Achievement% Mistaken Identity My Bad Organ Harvest Spot Them First There's More Where That Came From Challenges ------------ None Game ------ Seed DispersionWarlordImmobilizer Manual? 0 Play Time 01:11:18 Cumulative 68.9 hours Start 2026.09.20 @ 00:46:26 End 2026.09.20 @ 04:12:54 Sessions 1 Manual Loads 0 Difficulty Rogue Special Mode None Game No. 65 Rogue 65 Adventurer 0 Explorer 0 Win Type - Total 1 Types 0/0/1/0/0/0/0/0/0/0 Lore% 24 Gallery% 32 Achievement% 29 Wizard Run 0 Options --------- Layout 1 ASCII 1 Keyboard 1 Movement Arrows Keybinds 0 Fullscreen 2 Font 48/Tamsyn++ Map View 50x35 Zoom Use 0% Tactical HUD 1 Map Filters NONE Filters NONE Steam 1 RUN: 2b796e84-f89b-4c37-9d3f-f790198110fe